 Dungeon Crawl Stone Soup version 0.19.5 (webtiles) character file.

6245 tidbits the Carver (level 10, -2/105 (109) HPs)
             Began as a High Elf Wanderer on Oct 31, 2017.
             Was a Priest of Cheibriados.
             Slain by a seven-headed hydra (10 damage)
             ... on level 11 of the Dungeon.
             The game lasted 00:53:38 (4706 turns).

tidbits the Carver (High Elf Wanderer)              Turns: 4706, Time: 00:53:39

HP:   -2/105 (109)  AC: 25    Str: 21    XL:     10   Next: 62%
MP:   5/16          EV:  2    Int: 21    God:    Cheibriados [***...]
Gold: 291           SH:  0    Dex: 25    Spells: 3 memorised, 4 levels left

rFire  . . .     SeeInvis +     l - +0 whip (elec)
rCold  . . .     Gourm    .     (armour currently unavailable)
rNeg   + + +     Faith    .     (no shield)
rPois  +         Spirit   .     (helmet currently unavailable)
rElec  .         Reflect  .     (cloak currently unavailable)
rCorr  .         Harm     .     (gloves currently unavailable)
MR     ++...     Rnd*Rage +     (boots currently unavailable)
Stlth  ++........ NoTele   +    R - amulet of regeneration
                                V - +3 ring of evasion
                                I - ring of see invisible

@: tree-form, repel missiles, very slow
A: (large bone plates 0), berserk 1, (cold resistance 0), magic resistance 1,
robust 1
a: Bend Time, Temporal Distortion, Renounce Religion


You were on level 11 of the Dungeon.
You worshipped Cheibriados.
Cheibriados was most pleased with you.
You were not hungry.
You were a tree.
You visited 2 branches of the dungeon, and saw 12 of its levels.

You collected 291 gold pieces.

Inventory:

Hand Weapons
 a - a +1 long sword
   (You found it on level 3 of the Dungeon)
 b - a +0 shortbow
   (You took it off a centaur on level 7 of the Dungeon)
 d - a +2 dagger of venom
   (You took it off an orc priest on level 4 of the Dungeon)
 e - a +6 scythe
   (You took it off Sigmund on level 2 of the Dungeon)
 l - a +0 whip of electrocution (weapon)
   (You took it off a gnoll on level 4 of the Dungeon)
 J - a +1 battleaxe of chopping
   (You found it on level 3 of the Dungeon)
 M - a cursed +0 blowgun
   (You took it off a kobold on level 9 of the Dungeon)
 U - a +2 hand crossbow
Missiles
 h - 149 stones (quivered)
 v - 81 arrows
 F - a bolt
 L - 11 tomahawks
 O - 2 throwing nets {!f}
Armour
 i - a +0 shield
   (You found it on level 6 of the Dungeon)
 p - a +1 robe of resistance
   (You took it off Sigmund on level 2 of the Dungeon)
 w - +0 steam dragon scales
   (You found it on level 8 of the Dungeon)
 y - a +2 leather armour of positive energy
   (You took it off a gnoll shaman on level 4 of the Dungeon)
 B - the +5 ring mail of Eternal Night (melded) {rPois Str+4}
   (You found it on level 9 of the Dungeon)

   It affects your strength (+4).
   It protects you from poison.
 C - a +2 cloak (melded)
   (You found it on level 3 of the Dungeon)
 G - a +0 pair of gloves (melded)
   (You found it on level 3 of the Dungeon)
 S - a +0 troll leather armour {Snorg}
   (You found it on level 11 of the Dungeon)
Jewellery
 I - a ring of see invisible (left branch)
   (You found it on level 3 of the Dungeon)
 K - an uncursed ring of flight
   (You found it on level 9 of the Dungeon)
 R - an amulet of regeneration (around neck)
   (You found it on level 5 of the Dungeon)
 V - a +3 ring of evasion (right branch)
   (You found it on level 9 of the Dungeon)
Wands
 o - a wand of disintegration (0/24)
   (You found it on level 2 of the Dungeon)
 D - a wand of flame (31/48)
   (You found it on level 6 of the Dungeon)
Scrolls
 j - a scroll of teleportation
 k - 2 scrolls of blinking {unknown}
 r - 3 scrolls of remove curse
 N - a scroll of immolation {unknown}
 P - 2 scrolls of fog {unknown}
 Q - 2 scrolls of enchant weapon
 X - 2 scrolls of magic mapping
 Y - 6 scrolls of amnesia {unknown}
 Z - 2 scrolls of recharging {unknown}
Potions
 n - a potion of haste {unknown}
 q - 2 potions of cure mutation
 s - a potion of might {unknown}
 t - 2 potions of cancellation {unknown}
 u - 3 potions of flight {unknown}
 x - 5 potions of curing
 z - a potion of berserk rage {unknown}
 E - a potion of resistance {unknown}
 T - a potion of heal wounds
 W - a potion of agility
Books
 m - a book of Air
   (You found it on level 9 of the Dungeon)

   Spells                             Type                      Level
   a - Shock                          Conjuration/Air              1
   b - Swiftness                      Charms/Air                   2
   c - Repel Missiles                 Charms/Air                   2
   d - Static Discharge               Conjuration/Air              3
   e - Lightning Bolt                 Conjuration/Air              5
 A - a book of Debilitation
   (You found it on level 8 of the Dungeon)

   Spells                             Type                      Level
   a - Corona                         Hexes                        1
   b - Slow                           Hexes                        2
   c - Gell's Gravitas                Hexes/Translocation          3
   d - Inner Flame                    Hexes/Fire                   3
   e - Cause Fear                     Hexes                        4
   f - Leda's Liquefaction            Hexes/Earth                  4
 H - a book of Maledictions
   (You found it on level 6 of the Dungeon)

   Spells                             Type                      Level
   a - Corona                         Hexes                        1
   b - Ensorcelled Hibernation        Hexes/Ice                    2
   c - Confuse                        Hexes                        3
   d - Tukima's Dance                 Hexes                        3
   e - Dazzling Spray                 Conjuration/Hexes            3
Comestibles
 f - 9 bread rations
 g - 2 meat rations


   Skills:
 + Level 5.6 Fighting
 + Level 11.0 Long Blades
 - Level 9.1 Bows
 - Level 1.0 Crossbows
 - Level 5.1 Armour
 + Level 5.5 Dodging
 - Level 1.2 Spellcasting
 - Level 2.4 Air Magic
 - Level 6.8 Invocations
 - Level 2.0 Evocations


You had 4 spell levels left.
You knew the following spells:

 Your Spells              Type           Power        Failure   Level  Hunger
b - Blink                 Tloc           N/A          28%         2    ###....
m - Mephitic Cloud        Conj/Pois/Air  #.......     34%         3    ####...
M - Repel Missiles        Chrm/Air       #.....       14%         2    ###....


Dungeon Overview and Level Annotations

Branches:
Dungeon (11/15)            Temple (1/1) D:5
   Lair: D:8-11         Orc: D:9-12

Altars:
Ashenzari
Cheibriados
Dithmenos
Fedhas
Gozag
Kikubaaqudgha
Nemelex Xobeh
Okawaru
Qazlal
Ru
Sif Muna
Trog
Uskayaw
Vehumet
Yredelemnul
Zin
The Shining One


Innate Abilities, Weirdness & Mutations

((You are partially covered in large bone plates. (SH +4)))
You tend to lose your temper in combat.
((Your flesh is cold resistant. (rC+)))
You are resistant to hostile enchantments. (MR+)
You are robust. (+10% HP)


Message History

Okay, then.
Search for what [Enter for "."]? armour Evoke which item? (* to show all) (? for menu, Esc to quit)
Okay, then.
You can feel time thicken for a moment.
You kill the worker ant!
Cheibriados thoroughly appreciates the change of pace.
You feel somewhat more hungry.
You can feel time thicken for a moment.
You feel somewhat more hungry.
You can no longer inflict damage on those overly hasty.
Cheibriados lowers the support of your attributes as your movement quickens.
A shadow comes into view.
Firing (i - inventory. (,) - cycle):
v - 83 arrows (quivered)
Press: ? - help, Shift-Dir - straight line, f - seven-headed hydra
Aim: a seven-headed hydra (heavily wounded)
You shoot an arrow.
The arrow barely misses the seven-headed hydra.
Firing (i - inventory. (,) - cycle):
v - 82 arrows (quivered)
Press: ? - help, Shift-Dir - straight line, f - shadow, p - seven-headed hydra
Aim: a shadow You shoot an arrow.
The arrow hits the seven-headed hydra!
The seven-headed hydra is severely wounded.
Wield which item (- for none, * to show all)? (? for menu, Esc to quit)
You hear the crackle of electricity.
l - a +0 whip of electrocution (weapon)
The seven-headed hydra barely misses you.
The seven-headed hydra bites you but does no damage.
The seven-headed hydra misses you.
The seven-headed hydra bites you but does no damage.
The seven-headed hydra bites you.
The seven-headed hydra closely misses you.
The seven-headed hydra completely misses you.
You hit the seven-headed hydra.
The seven-headed hydra is severely wounded.
The seven-headed hydra barely misses you.
The seven-headed hydra bites you.
The seven-headed hydra completely misses you.
The seven-headed hydra misses you. The seven-headed hydra bites you.
The seven-headed hydra misses you.
The seven-headed hydra barely misses you.
You hit the seven-headed hydra.
The seven-headed hydra is severely wounded.
The seven-headed hydra bites you but does no damage.
The seven-headed hydra misses you.
The seven-headed hydra completely misses you.
The seven-headed hydra bites you but does no damage.
The seven-headed hydra misses you. The seven-headed hydra bites you.
The seven-headed hydra bites you but does no damage.
The flow of time bends around you.
Cheibriados rebukes the seven-headed hydra.
The seven-headed hydra seems to slow down.
You feel slightly more hungry.
You hit the seven-headed hydra.
The seven-headed hydra is severely wounded.
The shadow slips into darkness.
The shadow flickers and vanishes for a moment.
The seven-headed hydra bites you!
The seven-headed hydra barely misses you.
The seven-headed hydra bites you.
The seven-headed hydra bites you but does no damage.
The seven-headed hydra bites you. The seven-headed hydra bites you! x2
* * * LOW HITPOINT WARNING * * *
You hit the seven-headed hydra.
The seven-headed hydra is severely wounded.
The seven-headed hydra closely misses you. x2
The seven-headed hydra misses you.
The seven-headed hydra completely misses you.
The seven-headed hydra bites you!
* * * LOW HITPOINT WARNING * * *
The seven-headed hydra barely misses you.
The seven-headed hydra closely misses you.
Okay, then.
You turn into a tree.
Your +2 cloak melds into your body.
Your +0 pair of gloves melds into your body.
The +5 ring mail of Eternal Night {rPois Str+4} melds into your body.
Your roots penetrate the ground.
The shadow hits you.
The seven-headed hydra bites you but does no damage. x4
The seven-headed hydra bites you.
* * * LOW HITPOINT WARNING * * *
The seven-headed hydra bites you.
* * * LOW HITPOINT WARNING * * *
The seven-headed hydra bites you.
* * * LOW HITPOINT WARNING * * *
You hit the seven-headed hydra.
The seven-headed hydra is almost dead.
The shadow slips into darkness.
The shadow flickers and vanishes for a moment.
You barely miss the seven-headed hydra.
The seven-headed hydra is almost dead.
The shadow hits you.
* * * LOW HITPOINT WARNING * * *
The seven-headed hydra bites you.
* * * LOW HITPOINT WARNING * * *
The seven-headed hydra bites you!
* * * LOW HITPOINT WARNING * * *
The seven-headed hydra bites you but does no damage. x2
The seven-headed hydra bites you.
* * * LOW HITPOINT WARNING * * *
The seven-headed hydra bites you!
You die...

..# #.# #.#
..... #..#
#.# #.#
....
#..######.#
#.# ...
#.........#
.# #..
#.........#
# #.(
#...#####.#
.#
#.(##...#
#.###.#
#.WD....#
#.....#
#..♣....#
#.....#
#..###..#
#.##### #..
#..# #.#
#.. #..#
#.# ...
#..# #.#
##..
#..#####.#
#.!
#........#
#..
#........#
#..#####.#


You could see a seven-headed hydra and a shadow.

Vanquished Creatures
  Snorg (D:11)
  A hippogriff (D:8)
  A spriggan (D:7)
  Sigmund (D:2)
  A hungry ghost (D:9)
  A steam dragon (D:8)
  Menkaure (D:6)
  A phantom (D:6)
  An ice beast (D:7)
  2 orc warriors
  A black bear (D:10)
  3 sky beasts (D:9)
  A necrophage (D:8)
  7 ogres
  2 centaurs
  A crocodile (D:10)
  3 big kobolds
  5 bullfrogs
  2 scorpions
  4 killer bees (D:9)
  3 wights (D:6)
  4 howler monkeys
  5 crimson imps
  A bullfrog zombie (D:9)
  6 jellies
  6 orc priests
  6 orc wizards
  A bullfrog skeleton (D:8)
  2 gnoll shamans (D:4)
  3 hounds
  Crazy Yiuf (D:3)
  A centaur skeleton (D:7)
  5 iguanas
  Terence (D:2)
  7 worker ants
  44 gnolls
  7 adders
  3 shadow imps
  An adder skeleton (D:8)
  2 worms (D:3)
  4 leopard geckos
  26 orcs
  2 ball pythons
  4 bats
  A giant cockroach (D:4)
  5 goblins
  6 hobgoblins
  5 jackals (D:4)
  3 quokkas
  4 frilled lizards
  21 kobolds
  A leopard gecko skeleton (D:5)
  6 rats
237 creatures vanquished.

Notes
Turn   | Place    | Note
-------+----------+-------------------------------------------
     0 | D:1      | tidbits the High Elf Wanderer began the quest for the Orb.
     0 | D:1      | tidbits set off with: a +2 hand crossbow, 30 bolts, 2 potions of lignification, a +0 robe, a bread ration
     0 | D:1      | Reached XP level 1. HP: 14/14 MP: 3/3
    48 | D:2      | Reached skill level 1 in Dodging
    72 | D:2      | Noticed Terence
    79 | D:2      | Killed Terence
    79 | D:2      | Reached skill level 2 in Dodging
    79 | D:2      | Reached XP level 2. HP: 20/20 MP: 4/4
    79 | D:2      | Reached XP level 3. HP: 25/25 MP: 5/5
   127 | D:2      | Found a bloodstained altar of Trog.
   139 | D:2      | Noticed Sigmund
   143 | D:2      | Killed Sigmund
   143 | D:2      | Reached skill level 4 in Fighting
   143 | D:2      | Reached skill level 3 in Dodging
   143 | D:2      | Reached XP level 4. HP: 33/33 MP: 6/6
   143 | D:2      | Reached XP level 5. HP: 37/37 MP: 7/7
   232 | D:2      | Reached skill level 4 in Dodging
   472 | D:3      | Reached skill level 1 in Long Blades
   472 | D:3      | Reached XP level 6. HP: 35/44 MP: 8/8
   476 | D:3      | Reached skill level 2 in Long Blades
   659 | D:3      | Reached skill level 3 in Long Blades
   889 | D:3      | Found a runed door.
   893 | D:3      | Noticed Crazy Yiuf
   896 | D:3      | Killed Crazy Yiuf
   896 | D:3      | Reached skill level 4 in Long Blades
  1044 | D:4      | Reached skill level 5 in Long Blades
  1044 | D:4      | Reached XP level 7. HP: 43/49 MP: 9/9
  1283 | D:5      | Entered Level 5 of the Dungeon
  1326 | D:5      | Reached skill level 6 in Long Blades
  1494 | D:6      | Reached skill level 7 in Long Blades
  1509 | D:6      | Noticed Menkaure
  1524 | D:6      | Killed Menkaure
  1524 | D:6      | Reached skill level 8 in Long Blades
  1552 | D:6      | Reached XP level 8. HP: 54/54 MP: 10/10
  1589 | D:6      | Reached skill level 9 in Long Blades
  1747 | D:7      | Reached skill level 10 in Long Blades
  1884 | D:7      | Reached skill level 1 in Bows
  1943 | D:7      | Reached skill level 2 in Bows
  1959 | D:7      | Reached skill level 3 in Bows
  1976 | D:7      | Reached skill level 4 in Bows
  1982 | D:7      | Reached skill level 5 in Bows
  2189 | D:6      | Reached skill level 6 in Bows
  2189 | D:6      | Reached XP level 9. HP: 44/59 MP: 11/11
  2244 | D:5      | Found a staircase to the Ecumenical Temple.
  2250 | Temple   | Entered the Ecumenical Temple
  2339 | Temple   | Became a worshipper of Cheibriados the Contemplative
  2467 | D:4      | Found a shadowy altar of Dithmenos.
  2616 | D:4      | Reached skill level 7 in Bows
  2644 | D:4      | Reached * piety under Cheibriados
  2776 | D:4      | Reached skill level 8 in Bows
  2912 | D:4      | Reached ** piety under Cheibriados
  2912 | D:4      | Reached skill level 9 in Bows
  3231 | D:6      | Reached skill level 1 in Invocations
  3283 | D:6      | Reached skill level 2 in Invocations
  3348 | D:5      | Reached skill level 3 in Invocations
  3459 | D:7      | Reached skill level 4 in Invocations
  3531 | D:8      | Reached skill level 5 in Invocations
  3689 | D:8      | Reached *** piety under Cheibriados
  3716 | D:8      | Reached skill level 6 in Invocations
  3801 | D:8      | Reached XP level 10. HP: 62/62 MP: 15/15
  3823 | D:8      | Learned a level 2 spell: Repel Missiles
  3827 | D:8      | Learned a level 2 spell: Blink
  3831 | D:8      | Learned a level 3 spell: Mephitic Cloud
  3907 | D:9      | Reached skill level 5 in Fighting
  3927 | D:9      | Got a pitted ring mail
  3938 | D:9      | Identified the +5 ring mail of Eternal Night {rPois Str+4} (You found it on level 9 of the Dungeon)
  3976 | D:9      | Reached skill level 2 in Armour
  3980 | D:9      | Gained mutation: You tend to lose your temper in combat. [mutagenic meat]
  3981 | D:9      | Gained mutation: You are robust. (+10% HP) [mutagenic meat]
  3982 | D:9      | Gained mutation: You are partially covered in large bone plates. (SH +4) [mutagenic meat]
  3983 | D:9      | Gained mutation: You are resistant to hostile enchantments. (MR+) [mutagenic meat]
  4055 | D:10     | Entered Level 10 of the Dungeon
  4098 | D:9      | Reached skill level 3 in Armour
  4220 | D:9      | Reached **** piety under Cheibriados
  4249 | D:10     | Reached skill level 4 in Armour
  4303 | D:9      | Gained mutation: Your flesh is cold resistant. (rC+) [potion of beneficial mutation]
  4482 | D:10     | Reached skill level 5 in Armour
  4561 | D:11     | Noticed Snorg
  4581 | D:11     | Killed Snorg
  4581 | D:11     | Reached skill level 11 in Long Blades
  4581 | D:11     | Reached skill level 5 in Dodging
  4693 | D:11     | Noticed a seven-headed hydra
  4706 | D:11     | HP: 8/105 [seven-headed hydra (3)]
  4706 | D:11     | Slain by a seven-headed hydra

Skill      XL: |  1  2  3  4  5  6  7  8  9 10 |
---------------+-------------------------------+-----
Dodging        | 2 3 4 5 |  5.5
Fighting       | 4 5 |  5.6
Long Blades    | 1 5 8 10 11 | 11.0
Bows           | 6 9 |  9.1
Invocations    | 6 |  6.8
Armour         | 5 |  5.1
Crossbows      | |  1.0
Spellcasting   | |  1.2
Air Magic      | |  2.4
Evocations     | |  2.0

Action                   |  1- 3 |  4- 6 |  7- 9 | 10-12 || total
-------------------------+-------+-------+-------+-------++-------
Melee: Unarmed           |     3 |       |       |       ||     3
       Long sword        |       |       |   495 |   129 ||   624
       Quarterstaff      |       |       |    19 |       ||    19
       Whip              |       |       |       |     6 ||     6
       Dagger            |       |       |       |     6 ||     6
 Fire: Hand crossbow     |    14 |    97 |    63 |       ||   174
       Shortbow          |       |       |    89 |    47 ||   136
Throw: Stone             |       |       |     7 |       ||     7
 Cast: Mephitic Cloud    |       |       |       |     3 ||     3
       Repel Missiles    |       |       |       |     2 ||     2
Invok: Bend Time         |       |       |     1 |     1 ||     2
       Slouch            |       |       |       |     2 ||     2
Evoke: Wand              |     2 |     8 |     1 |       ||    11
  Use: Potion            |     1 |       |     4 |     2 ||     7
       Scroll            |       |     3 |     4 |     4 ||    11
 Stab: Sleeping          |       |       |     4 |       ||     4
  Eat: Chunk             |       |       |     7 |     5 ||    12
       Beef jerky        |       |       |     1 |       ||     1
       Meat ration       |       |       |       |     1 ||     1
Armor: Skin              |     1 |       |       |     7 ||     8
       Robe              |       |     9 |   138 |     1 ||   148
       Ring mail         |       |       |       |    33 ||    33
Dodge: Dodged            |     3 |    30 |   417 |   131 ||   581
       Deflected         |       |       |       |     1 ||     1
Block: Other             |       |       |       |    14 ||    14
       Rpst.: Long sword |       |       |    90 |    31 ||   121

Table legend:
 A = Turns spent in this place as a percentage of turns spent in the entire game.
 B = Non-inter-level travel turns spent in this place as a percentage of non-inter-level travel turns spent in the entire game.
 C = Inter-level travel turns spent in this place as a percentage of turns spent in this place.
 D = Turns resting spent in this place as a percentage of non-inter-level travel turns spent in this place.
 E = Turns spent auto-exploring this place as a percentage of non-inter-level travel turns spent in this place.
 F = Non-inter-level travel turns spent in this place divided by the number of levels of this place that you've seen.
                   A       B       C       D       E      F
               +-------+-------+-------+-------+-------+----------------------
         Total | 100.0 | 100.0 |   0.1 |   0.0 |   0.0 | 368.9
       Dungeon |  98.1 |  98.1 |   0.1 |   0.0 |   0.0 | 394.9
        Temple |   1.9 |   1.9 |   1.2 |   0.0 |   0.0 |  83.0
               +-------+-------+-------+-------+-------+----------------------

Table legend:
 A = Kills in this place as a percentage of kills in entire the game.
 B = Kills by you in this place as a percentage of kills by you in the entire game.
 C = Kills by friends in this place as a percentage of kills by friends in the entire game.
 D = Other kills in this place as a percentage of other kills in the entire game.
 E = Experience gained in this place as a percentage of experience gained in the entire game.
 F = Experience gained in this place divided by the number of levels of this place that you have seen.
                   A       B       C       D       E      F
               +-------+-------+-------+-------+-------+----------------------
         Total | 100.0 | 100.0 |  -nan |  -nan | 100.0 | 743.5
       Dungeon | 100.0 | 100.0 |  -nan |  -nan | 100.0 | 811.1
               +-------+-------+-------+-------+-------+----------------------

Vault maps used:
D:1:      tarquinn_simple_flora_water_b
D:2:      hex_tiny, bloody_trog, uniq_sigmund, uniq_terence
D:3:      serial_glass, glass_columns_c, glass_columns_a, glass_columns_c,
          glass_columns_b, glass_columns_a, glass_columns_a, glass_columns_a,
          glass_columns_b, minmay_strange_pillars, due_unseen_surprise,
          first_bread, amethyst_killhole, uniq_crazy_yiuf_cottage
D:4:      lemuel_castle_with_subvaults, grunt_dithmenos_smoke
D:5:      minmay_temple_entry_statues_pillars
D:6:      minivault_4, uniq_menkaure
D:7:      the_bakery
D:8:      chequers_temple_overflow_minitemple
D:9:      regret_index_temple_of_mockery
D:10:     hangedman_abyss_or_decor_stabs
D:11:     dpeg_lair_monsters, minmay_misc_feat_plants, minmay_fire_ice_demons,
          uniq_snorg
Temple:   eino_temple_rhombus
